Kradschützen Motorcycle Team
Selects Armored Suppot Battlegroup
Construct Light Support Kompanie
Construct Mechanized Kompanie
Marder III Tank Destroyer
Selects Flammpanzer III Medium Tank Sd.Kfz. 141
Construct Panzerarmee Kommand
Selects Command Panzer IV F Medium Tank
Walking Stuka Rocket Launcher
Selects Vehicle Awareness
Kradschützen Motorcycle Team
Selects Stuka Anti-tank Loiter
Marder III Tank Destroyer
18-tonne Recovery Half-track
Marder III Tank Destroyer
Marder III Tank Destroyer